 Dungeon Crawl Stone Soup version 0.31-a0-187-gba352fbbf7 (webtiles) character file.

Game seed: 11068154176058181142

51 qw the Shooter (level 3, -2/20 HPs)
             Began as a Deep Elf Hunter on June 22, 2023.
             Killed from afar by Sigmund (9 damage)
             ... with a puff of flame
             ... on level 2 of the Dungeon.
             The game lasted 00:00:31 (894 turns).

qw the Shooter (Deep Elf Hunter)                     Turns: 894, Time: 00:00:32

Health: -2/20      AC:  4    Str: 10    XL:     3   Next: 58%
Magic:  5/5        EV: 12    Int: 13    God:
Gold:   88         SH:  0    Dex: 18    Spells: 2/2 levels left

rFire   . . .        Y - +0 shortbow
rCold   . . .        (shield currently unavailable)
rNeg    . . .        c - +0 leather armour
rPois   .            (no helmet)
rElec   .            (no cloak)
rCorr   .            d - +0 pair of gloves
SInv    .            (no boots)
Will    .....        (no amulet)
Stlth   ++           (no ring)
HPRegen 0.23/turn    (no ring)
MPRegen 0.09/turn

%: no passive effects
@: no status effects
A: no striking features
a: no special abilities


You were on level 2 of the Dungeon.
You visited 1 branch of the dungeon, and saw 2 of its levels.

You collected 88 gold pieces.


   Skills:
 - Level 1.5 Fighting
 + Level 7.1 Ranged Weapons
 - Level 2.4 Dodging
 - Level 1.2 Stealth


You had 2 spell levels left.
You didn't know any spells.
Your spell library was empty.

Inventory:

Hand Weapons
 Y - a +0 shortbow (weapon)
Armour
 c - a +0 leather armour (worn)
 d - a +0 pair of gloves (worn)
Potions
 a - a potion of might {unknown}
 b - a potion of resistance {unknown}
 f - 3 potions of curing
 g - a potion of heal wounds {unknown}
 h - a potion of haste {unknown}

Dungeon Overview and Level Annotations

Branches:
Dungeon (2/15)

Altars:

Shops:
D:2 (

Annotations:
D:2 Sigmund


Message History

871 ||| FLEEEEING.
872 ||| FLEEEEING.
873 ||| FLEEEEING.
Enter note:
874 ||| FLEEEEING.
875 ||| FLEEEEING.
A puff of flame appears from out of thin air!
The puff of flame hits you!
Ouch! That really hurt!
876 ||| FLEEEEING.
A puff of flame appears from out of thin air!
The puff of flame hits you.
877 ||| FLEEEEING.
You hear a zap.
A puff of flame appears from out of thin air!
The puff of flame misses you.
878 ||| FLEEEEING.
879 ||| STILL FLEEEEING.
Something tries to affect you, but you resist.
880 ||| STILL FLEEEEING.
881 ||| STILL FLEEEEING.
882 ||| STILL FLEEEEING.
Enter note:
883 ||| STILL FLEEEEING.
884 ||| STILL FLEEEEING.
885 ||| STILL FLEEEEING.
886 ||| STILL FLEEEEING.
887 ||| STILL FLEEEEING.
You shoot an arrow. You shoot an arrow.
890 ||| FLEEEEING.
891 ||| STILL FLEEEEING.
892 ||| FLEEEEING.
Enter note:
893 ||| STILL FLEEEEING.
894 ||| FLEEEEING.
You hear a zap.
A puff of flame appears from out of thin air!
The puff of flame hits you!
You die...

# #.# #.# ###########.#
#.# ............# #.#
############# #.# # #.#
#.# #.######.. #.........
#@######..
###########.######..
######...................
.......#########.#######.
######## #.....# ########
#.###.#
.......#####.###{########
###..........##g.........
#####
#....########.#########
.)..


You could see a hobgoblin.

Vanquished Creatures
  2 ball pythons (D:1)
  6 endoplasms
  2 giant cockroaches
  4 goblins (D:1)
  9 hobgoblins
  2 jackals (D:1)
  A quokka (D:1)
  4 bats
  4 frilled lizards
  7 kobolds
  4 rats
45 creatures vanquished.

Notes
Turn   | Place    | Note
-------+----------+-------------------------------------------
     0 | D:1      | qw the Deep Elf Hunter began the quest for the Orb.
     0 | D:1      | Reached XP level 1. HP: 12/12 MP: 3/3
     0 | D:1      | 0 ||| qw: Version: 0.3-a-9-g12657ce
     0 | D:1      | 0 ||| qw: Game counter: 2528
     0 | D:1      | 0 ||| qw: Always use a shield: true
     0 | D:1      | 0 ||| qw: God list: Okawaru
     0 | D:1      | 0 ||| qw: Allow faded altars: false
     0 | D:1      | 0 ||| qw: Do Orc after D:15 true
     0 | D:1      | 0 ||| qw: Do second Lair branch before Depths: true
     0 | D:1      | 0 ||| qw: Lair rune preference: random
     0 | D:1      | 0 ||| qw: Plans: Normal
     0 | D:1      | 0 ||| PLANNING D:1-11
   152 | D:1      | Reached skill level 6 in Ranged Weapons
   152 | D:1      | Reached XP level 2. HP: 16/16 MP: 4/4
   315 | D:1      | Reached XP level 3. HP: 20/20 MP: 5/5
   519 | D:1      | 519 ||| UPGRADING to +0 pair of gloves.
   524 | D:1      | 524 ||| READING scroll labelled YPSUUD ELOTETSUZAM.
   525 | D:1      | 525 ||| DRINKING 3 white potions.
   526 | D:1      | 526 ||| DROPPING scroll of butterflies.
   546 | D:2      | Found Bilueleb's Antique Weapon Shop.
   576 | D:2      | Reached skill level 7 in Ranged Weapons
   853 | D:2      | Noticed Sigmund
   861 | D:2      | 861 ||| FLEEEEING.
   870 | D:2      | 870 ||| FLEEEEING.
   871 | D:2      | 871 ||| FLEEEEING.
   872 | D:2      | 872 ||| FLEEEEING.
   873 | D:2      | 873 ||| FLEEEEING.
   874 | D:2      | 874 ||| FLEEEEING.
   875 | D:2      | 875 ||| FLEEEEING.
   876 | D:2      | 876 ||| FLEEEEING.
   876 | D:2      | HP: 3/20 [something/puff of flame (4)]
   877 | D:2      | 877 ||| FLEEEEING.
   878 | D:2      | 878 ||| FLEEEEING.
   890 | D:2      | 890 ||| FLEEEEING.
   892 | D:2      | 892 ||| FLEEEEING.
   894 | D:2      | 894 ||| FLEEEEING.
   894 | D:2      | Killed from afar by Sigmund

Levels and vault maps discovered:
D:1:      dpeg_arrival_morbid_curiosity, layout_rooms
D:2:      layout_loops_ring, serial_shops, shop, uniq_sigmund

Skill      XL: |  1  2  3 |
---------------+----------+-----
Ranged Weapons | 6 7 |  7.1
Fighting       | |  1.5
Dodging        | |  2.4
Stealth        | |  1.2

Action                     || total
---------------------------++-------
   Fire: Shortbow          ||   131
    Use: Scroll            ||     1
         Potion            ||     1
 Armour: Leather armour    ||    14
  Dodge: Dodged            ||    28

Table legend:
 A = Non-vault XP
 B = Vault XP
 C = Vault XP percentage of total XP
 D = Non-vault monster count
 E = Vault monster count
 F = Vault count percentage of total count
                 A         B        C        D         E       F
            +---------+---------+-------+---------+---------+-------
      Total |      65 |       9 |  12.2 |      40 |       5 |  11.1
            +---------+---------+-------+---------+---------+-------
        D:1 |      48 |       9 |  15.8 |      30 |       5 |  14.3
        D:2 |      17 |       0 |   0.0 |      10 |       0 |   0.0
            +---------+---------+-------+---------+---------+-------
